 Dungeon Crawl Stone Soup version 0.29.1-15-g9cfb28693d (webtiles) character file.

Game seed: 5742455553577786228

69 vishdafish the Conjurer (level 4, 29/30 HPs)
             Began as a Demonspawn Conjurer on Mar 29, 2023.
             Quit the game on level 2 of the Dungeon.
             The game lasted 00:01:44 (1923 turns).

vishdafish the Conjurer (Demonspawn Conjurer)       Turns: 1923, Time: 00:01:45

Health: 29/30      AC:  2    Str:  7    XL:     4   Next: 2%
Magic:  0/8        EV: 12    Int: 23    God:
Gold:   87         SH:  0    Dex: 12    Spells: 8/9 levels left

rFire   . . .      SeeInvis .   f - +0 dagger
rCold   . . .      Faith    .   (no shield)
rNeg    . . .      Spirit   .   a - +0 robe
rPois   .          Reflect  .   (no helmet)
rElec   .          Harm     .   (no cloak)
rCorr   .          Rampage  .   (no gloves)
Will    .....                   (no boots)
Stlth   ++........              (no amulet)
HPRegen 0.10/turn               (no ring)
MPRegen 0.11/turn               (no ring)

@: no status effects
A: demonic guardian 1, big brain 1, demonic touch 1
a: no special abilities


You were on level 2 of the Dungeon.
You visited 1 branch of the dungeon, and saw 3 of its levels.

You collected 117 gold pieces.
You spent 30 gold pieces at shops.

Inventory:

Hand Weapons
 f - a +0 dagger (weapon)
Armour
 a - a +0 robe (worn)
Scrolls
 c - a scroll of blinking {unknown}
 e - a scroll of enchant weapon {unknown}
 g - a scroll of enchant armour {unknown}
 h - a scroll of identify {unknown}
 j - 2 scrolls of immolation {unknown}
 k - a scroll of amnesia {unknown}
Potions
 b - 2 potions of magic
 d - a potion of haste {unknown}
 i - 2 potions of curing
 l - a potion of flight {unknown}
 m - a potion of heal wounds {unknown}
 n - a potion of mutation {unknown}


   Skills:
 - Level 1.7 Dodging
 - Level 1.7 Stealth
 + Level 3.1 Spellcasting
 + Level 4.8 Conjurations


You had 8 spell levels left.
You knew the following spells:

 Your Spells              Type           Power      Damage    Failure   Level
a - Magic Dart            Conj           100%       1d8       1%          1

Your spell library contained the following spells:

 Spells                   Type           Power      Damage    Failure   Level
 Searing Ray              Conj           52%        2d6       2%          2
 Foxfire                  Conj/Fire      56%        2x1d6     4%          1
 Static Discharge         Conj/Air       14%        3-5/arc   6%          2
 Conjure Flame            Conj/Fire      14%        6-21      13%         3
 Dazzling Flash           Conj/Hex       28%        N/A       13%         3
 Call Canine Familiar     Summ           3%         N/A       34%         3
 Inner Flame              Hex/Fire       3%         N/A       34%         3
 Portal Projectile        Hex/Tloc       6%         N/A       34%         3
 Flame Wave               Conj/Fire      14%        2d6       38%         4
 Fulminant Prism          Conj/Hex       7%         3d7       38%         4
 Iskenderun's Mystic Bla  Conj/Tloc      14%        2d5       38%         4
 Corpse Rot               Necr/Pois/Air  3%         N/A       75%         4
 Leda's Liquefaction      Hex/Erth       1%         N/A       75%         4
 Lightning Bolt           Conj/Air       7%         1d19      75%         5


Dungeon Overview and Level Annotations

Branches:
Dungeon (3/15)

Altars:
Uskayaw

Shops:
D:1 !


Innate Abilities, Weirdness & Mutations

A weak demonic guardian rushes to your aid.
You have an unusually large brain. (Int +2)
Your touch may inflict minor irresistible damage on your foes.


Message History

The magic dart hits the adder but does no damage.
The adder is almost dead.
The adder misses you.
The magic dart hits the adder.
You kill the adder!
The magic dart hits the goblin!
You kill the goblin!
You can't see any susceptible monsters within range! (Use Z to cast anyway.)
Things that are here:
a +0 club; a goblin corpse
Things that are here:
a +0 club; a goblin corpse A worm comes into view.
A worm is nearby!
A worm is nearby!
The magic dart hits the worm.
The worm is lightly wounded.
The magic dart hits the worm.
The worm is lightly wounded.
The magic dart hits the worm.
The worm is moderately wounded.
The magic dart hits the worm.
The worm is moderately wounded.
The magic dart hits the worm!
The worm is severely wounded.
The magic dart hits the worm.
The worm is almost dead.
The magic dart hits the worm.
The worm is almost dead.
A giant cockroach comes into view.
You are out of magic!
You are out of magic!
A gnoll comes into view. It is wielding a +0 flail.
The worm bites you.
You barely miss the worm.
You touch the worm.
You kill the worm!
You have reached level 4!
You feel agile.
Your demonic ancestry asserts itself...
You feel the presence of a demonic guardian.
Are you sure you want to abandon this character and quit the game? (Confirm with "yes".)

...##### #.#
......... ..#.#
.... ...######
##.#.##.... ...#
#.......... ####
#.......g..
#.......$..
#..........
#.........#
#####..@†.....#
##.............#
##.....#.########
#..#...#B#
####.##...#.#
##....##...#..
####..#####...###
#....## #...#
#....# #...#


You could see a gnoll and a giant cockroach.

Vanquished Creatures
  3 adders
  2 worms (D:2)
  3 ball pythons
  5 bats
  An endoplasm (D:2)
  A giant cockroach (D:3)
  5 goblins
  A hobgoblin (D:1)
  2 jackals (D:2)
  2 quokkas
  4 frilled lizards
  3 kobolds
  3 rats
35 creatures vanquished.

Notes
Turn   | Place    | Note
-------+----------+-------------------------------------------
     0 | D:1      | vishdafish the Demonspawn Conjurer began the quest for the
                  | Orb.
     0 | D:1      | Reached XP level 1. HP: 13/13 MP: 3/3
    38 | D:1      | Got the Papyrus of Gusts
   473 | D:1      | Found Kegamu's Distillery.
   558 | D:1      | Bought a potion of curing for 30 gold pieces
   590 | D:1      | Gained mutation: You have an unusually large brain. (Int
                  | +2) [demonic ancestry]
   590 | D:1      | Reached XP level 2. HP: 19/19 MP: 0/5
   925 | D:2      | You fall into a shaft and drop 1 floor!
  1150 | D:3      | Found a hide-covered altar of Uskayaw.
  1186 | D:2      | Gained mutation: Your touch may inflict minor irresistible
                  | damage on your foes. [demonic ancestry]
  1186 | D:2      | Reached XP level 3. HP: 24/24 MP: 5/7
  1216 | D:2      | HP: 1/24 [quokka (4)]
  1923 | D:2      | Gained mutation: A weak demonic guardian rushes to your
                  | aid. [demonic ancestry]
  1923 | D:2      | Reached XP level 4. HP: 29/30 MP: 0/8
  1923 | D:2      | Quit the game

Illustrated notes

Levels and vault maps discovered:
D:1:      psy_arrival_terrarium, layout_basic, serial_shops,
          nicolae_shop_hallway_stairs
D:2:      layout_basic, corexii_leaking_fountain, minmay_unequal
D:3:      layout_basic, nicolae_uskayaw_murder_on_the_dancefloor

Skill      XL: |  1  2  3 |
---------------+----------+-----
Spellcasting   | 3 |  3.1
Dodging        | |  1.7
Stealth        | |  1.7
Conjurations   | |  4.8

Action                   |  1- 3 |  4- 6 || total
-------------------------+-------+-------++-------
Melee: Dagger            |    18 |       ||    18
       Touch             |     3 |       ||     3
 Cast: Magic Dart        |    63 |       ||    63
  Use: Potion            |     2 |       ||     2
Armor: Robe              |     2 |       ||     2
Dodge: Dodged            |    13 |       ||    13
